 Dungeon Crawl Stone Soup version 0.31.0-11-ge490571c62 (webtiles) character file.

Game seed: 3551813504220276366

528 Drazool the Trooper (level 7, -5/58 HPs)
             Began as a Human Wanderer on Jan 28, 2024.
             Was a Priest of Kikubaaqudgha.
             Slain by a small abomination (12 damage)
             ... on level 1 of the Abyss.
             The game lasted 00:13:33 (4028 turns).

Drazool the Trooper (Human Wanderer)                Turns: 4028, Time: 00:13:34

Health: -5/58      AC:  4    Str: 13    XL:     7   Next: 23%
Magic:  11/11      EV: 12    Int: 15    God:    Kikubaaqudgha [***...]
Gold:   183        SH:  0    Dex: 11    Spells: 11/12 levels left

rFire   . . .        b - +2 falchion (elec)
rCold   . . .        (no shield)
rNeg    . . .        d - +0 leather armour
rPois   .            (no helmet)
rElec   .            t - +0 cloak
rCorr   .            (no gloves)
SInv    .            (no boots)
Will    .....        (no amulet)
Stlth   +            (no ring)
HPRegen 0.29/turn    (no ring)
MPRegen 0.12/turn

%: no passive effects
@: no status effects
A: explore regen
a: Renounce Religion, Unearth Wretches


You were on level 1 of the Abyss.
You worshipped Kikubaaqudgha.
Kikubaaqudgha was most pleased with you.
You visited 1 branch of the dungeon, and saw 4 of its levels.
You visited the Abyss 1 time.

You collected 183 gold pieces.


Innate Abilities, Weirdness & Mutations

You regain HP and MP as you explore.


   Skills:
 - Level 6.0 Fighting
 - Level 3.0 Dodging
 + Level 1.6 Stealth
 - Level 1.0 Unarmed Combat
 - Level 3.0 Spellcasting
 - Level 5.0 Necromancy


You had 11 spell levels left.
You knew the following spells:

 Your Spells              Type           Power      Damage    Failure   Level
X - Necrotise             Necr           68%        1d7       3%          1

Your spell library contained the following spells:

 Spells                   Type           Power      Damage    Failure   Level
 Sublimation of Blood     Necr           17%        N/A       4%          2
 Vampiric Draining        Necr           17%        2d7       10%         3
 Cigotuvi's Dreadful Rot  Necr/Alch/Air  14%        N/A       21%         2
 Animate Dead             Necr           17%        N/A       32%         4
 Dispel Undead            Necr           17%        3d10      32%         4
 Anguish                  Hex/Necr       4%         N/A       65%         4
 Martyr's Knell           Necr/Summ      9%         N/A       65%         4
 Death Channel            Necr           8%         N/A       99%         6

Inventory:

Hand Weapons
 a - a +2 dagger of venom
 b - a +2 falchion of electrocution (weapon)
Missiles
 f - 11 poisoned darts
 o - 2 throwing nets {=f}
Armour
 d - a +0 leather armour (worn)
 t - a +0 cloak (worn)
Scrolls
 g - a scroll of enchant armour {unknown}
 i - a scroll of poison {unknown}
 j - a scroll of silence {unknown}
 l - a scroll of noise {unknown}
 m - a scroll of fear {unknown}
 n - 5 scrolls of identify {unknown}
 p - a scroll of torment {unknown}
Potions
 c - 2 potions of brilliance
 e - 3 potions of curing {@q1}
 h - a potion of ambrosia {unknown}
 k - a potion of degeneration {unknown}
 q - a potion of cancellation {unknown}
 r - 3 potions of heal wounds {unknown}
 s - 2 potions of enlightenment {unknown}

Dungeon Overview and Level Annotations

Branches:
Dungeon (4/15)
 Temple: D:4-7

Altars:
Kikubaaqudgha

Shops:
D:1

: ▒. . ▒. ..
▒.. .. .
#..▒# ▒▒.
..▒
...##.▒.....
#.#5..▒▒▒
##@##......
#.>x#▒▒▒░.░
#..#.▓
#.▒.....░
#.#▒...▓..▓
## ▒▒.▒▒..▓▒
▒▒ ▓# ▒ .


You could see a small abomination and a quasit.


Message History

You hear the crackle of electricity.
b - a +2 falchion of electrocution (weapon)
You hit the white imp.
Lightning courses through the white imp!
You kill the white imp!
Kikubaaqudgha accepts your kill.
A small abomination comes into view.
There is a gateway leading deeper into the Abyss here.
You start resting.
A quasit comes into view.
You closely miss the small abomination. The small abomination hits you!
The small abomination hits you but does no damage.
The quasit gives a chilling moan.
You slash the small abomination!
The small abomination is moderately damaged.
The small abomination barely misses you.
You hit the small abomination but do no damage.
Lightning courses through the small abomination!
The small abomination is heavily damaged.
The small abomination hits you!!
* * * LOW HITPOINT WARNING * * *
The small abomination hits you.
* * * LOW HITPOINT WARNING * * *
You hit the small abomination.
The small abomination is severely damaged.
The small abomination hits you!
* * * LOW HITPOINT WARNING * * *
The small abomination hits you!
You die...
Kikubaaqudgha rasps: "You have failed me!
Welcome... death!"

Skill      XL: |  1  2  3  4  5  6  7 |
---------------+----------------------+-----
Fighting       | 3 4 5 6 |  6.0
Spellcasting   | 2 3 |  3.0
Dodging        | 2 3 |  3.0
Stealth        | |  1.6
Unarmed Combat | |  1.0
Necromancy     | |  5.0

Action                     |  1- 3 |  4- 6 |  7- 9 || total
---------------------------+-------+-------+-------++-------
  Melee: Club              |    22 |       |       ||    22
         War axe           |     4 |       |       ||     4
         Dagger            |    10 |    39 |    16 ||    65
         Falchion          |       |    18 |     5 ||    23
         Punch             |       |     1 |       ||     1
   Cast: Necrotise         |    44 |    65 |    29 ||   138
 Armour: Leather armour    |    32 |    43 |    28 ||   103
  Dodge: Dodged            |    36 |    20 |    15 ||    71

Levels and vault maps discovered:
D:1:      dpeg_arrival_arbitrary_c, layout_loops_ring, basic_ecumenical_altar,
          nicolae_shop_vocational
D:2:      layout_loops_corners, minivault_19, minmay_randomly_rotated_circles
D:3:      layout_basic, minmay_misc_feat_tower, chequers_serial_rivers_large_a
D:4:      layout_cave_pools, minmay_misc_feat_four_crosses, uniq_menkaure
Abyss:1:  base:
D:4

Notes
Turn   | Place    | Note
-------+----------+-------------------------------------------
     0 | D:1      | Drazool the Human Wanderer began the quest for the Orb.
     0 | D:1      | Drazool set off with the following items: a +0 club, a +0
                  | cloak, a potion of brilliance, a +0 leather armour, a
                  | potion of curing {@q1}; and the following spell memorised:
                  | Necrotise; and the following spells available to memorise:
                  | Vampiric Draining, Animate Dead.
     0 | D:1      | Reached XP level 1. HP: 16/16 MP: 2/2
   157 | D:1      | Reached XP level 2. HP: 23/23 MP: 1/3
   463 | D:1      | Reached skill level 3 in Fighting
   535 | D:1      | Found a faded altar of an unknown god.
   536 | D:1      | Found Rut Besk's Vocational Training.
   557 | D:1      | Prayed at the altar of an unknown god.
   557 | D:1      | Became a worshipper of Kikubaaqudgha
   557 | D:1      | Reached * piety under Kikubaaqudgha
   557 | D:1      | Received a gift from Kikubaaqudgha
  1062 | D:2      | Reached XP level 3. HP: 29/29 MP: 2/4
  1478 | D:2      | Reached skill level 4 in Fighting
  1487 | D:2      | Reached XP level 4. HP: 31/37 MP: 1/5
  1605 | D:2      | Reached ** piety under Kikubaaqudgha
  2257 | D:3      | Reached skill level 5 in Fighting
  2263 | D:3      | Reached XP level 5. HP: 5/44 MP: 2/6
  2266 | D:3      | HP: 3/44 [gnoll/+0 whip (4)]
  2585 | D:3      | Noticed a kobold brigand
  2612 | D:3      | Killed a kobold brigand
  2834 | D:3      | Noticed a phantom
  2844 | D:3      | Killed a phantom
  2845 | D:3      | Reached skill level 6 in Fighting
  2845 | D:3      | Reached skill level 2 in Spellcasting
  2845 | D:3      | Reached XP level 6. HP: 52/52 MP: 6/9
  3446 | D:4      | Noticed Menkaure
  3460 | D:4      | Killed Menkaure
  3461 | D:4      | Reached skill level 3 in Spellcasting
  3461 | D:4      | Reached skill level 2 in Dodging
  3461 | D:4      | Reached XP level 7. HP: 41/58 MP: 11/11
  3911 | D:4      | Reached *** piety under Kikubaaqudgha
  3911 | D:4      | Received a gift from Kikubaaqudgha
  3928 | D:4      | Paralysed by something for 5 turns
  3931 | D:4      | Reached skill level 3 in Dodging
  3933 | D:4      | You are cast into the Abyss!
  3933 | Abyss:1  | Cast into level 1 of the Abyss (orc)
  4028 | Abyss:1  | Slain by a small abomination

Vanquished Creatures
  Menkaure (D:4)
  A phantom (D:3)
  A kobold brigand (D:3)
  A hound (D:4)
  An orc wizard (D:4)
  6 gnolls
  4 adders
  A white imp (Abyss:1)
  A ribbon worm (D:3)
  2 dart slugs
  10 orcs
  8 ball pythons
  5 bats
  6 endoplasms
  3 giant cockroaches
  9 goblins
  7 hobgoblins
  3 quokkas
  3 frilled lizards
  7 kobolds
  2 rats
82 creatures vanquished.

Vanquished Creatures (collateral kills)
  A gnoll (D:4)
  A ball python (D:3)
  A kobold (D:2)
3 creatures vanquished.

Grand Total: 85 creatures vanquished

Table legend: (Time is in decaauts)
 A = Elapsed time spent in this place.
 B = Non-inter-level travel time spent in this place.
 C = Inter-level travel time spent in this place.
 D = Time resting spent in this place.
 E = Time spent auto-exploring this place.
 F = Levels seen in this place.
 G = Mean time per level.
                   A        B        C        D        E       F      G
               +--------+--------+--------+--------+--------+-----+--------+
         Total |   4045 |   3935 |    110 |    339 |   2872 |   5 |  809.0 |
       Dungeon |   3950 |   3840 |    110 |    339 |   2800 |   4 |  987.5 |
         Abyss |     95 |     95 |      0 |      0 |     72 |   1 |   95.0 |
               +--------+--------+--------+--------+--------+-----+--------+

Top non-repeatable levels by time:
     D:3: 1276 daAuts
     D:2: 1123 daAuts
     D:1: 930 daAuts
     D:4: 619 daAuts
 Abyss:1: 95 daAuts

Table legend:
 A = Non-vault XP
 B = Vault XP
 C = Vault XP percentage of total XP
 D = Non-vault monster count
 E = Vault monster count
 F = Vault count percentage of total count
                 A         B        C        D         E       F
            +---------+---------+-------+---------+---------+-------
      Total |     562 |     193 |  25.6 |      78 |       7 |   8.2
            +---------+---------+-------+---------+---------+-------
        D:1 |      33 |       0 |   0.0 |      18 |       0 |   0.0
        D:2 |      49 |      21 |  30.0 |      16 |       6 |  27.3
        D:3 |     312 |       0 |   0.0 |      28 |       0 |   0.0
        D:4 |     158 |     172 |  52.1 |      15 |       1 |   6.2
    Abyss:1 |      10 |       0 |   0.0 |       1 |       0 |   0.0
            +---------+---------+-------+---------+---------+-------
